 Dungeon Crawl Stone Soup version 0.17.1-3-g152610e (webtiles) character file.

31 juanjsm the Stinger (level 3, -1/16 HPs)
             Began as a Spriggan Venom Mage on Apr 20, 2016.
             Slain by a kobold
             ... wielding a +0 short sword
              (7 damage)
             ... on level 2 of the Dungeon.
             The game lasted 00:04:31 (754 turns).

juanjsm the Stinger (Spriggan Venom Mage)            Turns: 754, Time: 00:04:32

Health: -1/16      AC:  2    Str:  4    XL:     3   Next: 7%
Magic:  0/8        EV: 19    Int: 17    God:
Gold:   45         SH:  0    Dex: 16    Spells: 2 memorised, 5 levels left

rFire  . . .     SeeInvis +     j - +2 dagger (holy)
rCold  . . .     Clarity  .     a - +0 robe
rNeg   . . .     SustAt   +     (shield restricted)
rPois  .         Gourm    .     (helmet restricted)
rElec  .         Spirit   .     (no cloak)
rCorr  .         Warding  .     (gloves unavailable)
rMut   .         Stasis   .     (boots unavailable)
MR     .....                    (no amulet)
Stlth  +++.......               (no ring)
                                g - ring of sustain attributes

@: very slightly contaminated, very quick, not resistant to hostile
enchantments, fairly stealthy
A: unfitting armour, see invisible, herbivore 3, speed 3, slow metabolism 2
a: no special abilities


You were on level 2 of the Dungeon.
You were not hungry.

You visited 1 branch of the dungeon, and saw 2 of its levels.

You collected 45 gold pieces.

Inventory:

Hand Weapons
 j - a +2 dagger of holy wrath (weapon)
Armour
 a - a +0 robe (worn)
Jewellery
 g - a ring of sustain attributes (left hand)
Scrolls
 e - a scroll of fog {unknown}
 i - a scroll of remove curse {unknown}
Potions
 d - a potion of heal wounds {unknown}
 f - a potion of cancellation {unknown}
 h - a potion of brilliance {unknown}
Books
 b - a Young Poisoner's Handbook

   Spells                             Type                      Level
   a - Sting                          Conjuration/Poison           1
   b - Cure Poison                    Poison                       2
   c - Mephitic Cloud                 Conjuration/Poison/Air       3
   d - Olgreb's Toxic Radiance        Poison                       4
   e - Venom Bolt                     Conjuration/Poison           5
Comestibles
 c - 2 bread rations


   Skills:
 + Level 3.6 Dodging
 + Level 3.2 Stealth
 + Level 3.0 Spellcasting
 + Level 0.5 Conjurations
 + Level 4.3 Poison Magic


You had 5 spell levels left.
You knew the following spells:

 Your Spells              Type           Power        Failure   Level  Hunger
a - Sting                 Conj/Pois      ##..         10%         1    None
b - Cure Poison           Pois           ###.......   4%          2    ##.....


Dungeon Overview and Level Annotations

Branches:
Dungeon (2/15)

Altars:


Innate Abilities, Weirdness & Mutations

You are tiny and cannot use many weapons and most armour.
You have supernaturally acute eyesight.
You are a herbivore.
You cover ground extremely quickly.
You need consume almost no food.


Message History

The kobold throws a stone.
The stone barely misses you.
You closely miss the kobold. The kobold misses you.
You hit the goblin.
The goblin is heavily wounded.
The goblin closely misses you. The kobold misses you.
You hit the goblin.
The goblin is almost dead.
The goblin completely misses you. The kobold hits you with a short sword.
Casting: Sting
Confirm with . or Enter, or press ? or * to list all spells.
Aiming: Sting
Press: ? - help, Shift-Dir - straight line, f - kobold
Aim: a kobold, wielding a short sword The sting hits the kobold.
The kobold is heavily wounded.
The goblin closely misses you. The kobold misses you.
You closely miss the goblin.
The goblin is almost dead.
The goblin misses you. The kobold hits you with a short sword!
You die...

######## #......#
#.(....# #<.....#
##......# #).(....#
#####.†.....#
.......@....#
##..##gK....#
#..#..........
.........>...?. #.#
####...#..........
###.###....#.#..?.......
. ......#### .##....####
###........##. .....#
.##.##.....####


You could see a goblin and a kobold.

Vanquished Creatures
  A giant gecko (D:2)
  3 goblins (D:1)
  A hobgoblin (D:2)
  6 jackals (D:1)
  4 kobolds
  A quokka (D:2)
  3 bats
  4 giant newts (D:1)
  6 rats
29 creatures vanquished.

Notes
Turn   | Place    | Note
--------------------------------------------------------------
     0 | D:1      | juanjsm the Spriggan Venom Mage began the quest for the Orb.
     0 | D:1      | Reached XP level 1. HP: 9/9 MP: 5/5
   288 | D:1      | Reached XP level 2. HP: 5/13 MP: 2/6
   292 | D:1      | Learned a level 2 spell: Cure Poison
   700 | D:2      | Reached XP level 3. HP: 12/16 MP: 3/8
   754 | D:2      | Slain by a kobold

Action                   || total
-------------------------++-------
Melee: Dagger            ||    34
       Unarmed           ||     2
 Cast: Sting             ||    38
 Stab: Sleeping          ||     7
       Distracted        ||     1
